 Dungeon Crawl Stone Soup version 0.30-a0-870-gc5d4c5acee (webtiles) character file.

Game seed: 4552838308349116626

196539 jasper the Earth Mage (level 18, -4/147 HPs)
             Began as a Demonspawn Necromancer on Mar 11, 2023.
             Was a High Priest of Ashenzari.
             Killed by the raging water
             ... invoked by a water nymph
              (11 damage)
             ... on level 3 of the Shoals.
             The game lasted 01:10:48 (32423 turns).

jasper the Earth Mage (Demonspawn Necromancer)     Turns: 32423, Time: 01:10:49

Health: -4/147     AC:  6    Str:  8    XL:     18   Next: 16%
Magic:  17/39      EV: 20    Int: 30    God:    Ashenzari [*****.]
Gold:   287        SH:  8    Dex: 20    Spells: 16/51 levels left

rFire   + + +      SeeInvis +    I - staff of earth (curse) {Bglg, Self}
rCold   + . .      Faith    .    P - +2 buckler of the Cursed Affliction {Fort, Melee} (curse)
rNeg    . . .      Spirit   .    a - +0 robe "Esoteric Vexation" {Self, Fort} (curse)
rPois   .          Reflect  .    E - +0 helmet of the Tethered Pantheism {Alch, Range} (curse)
rElec   .          Rampage  .    T - scarf of Toth-Mos's Legacy {rC+ rF+, Elem, Self} (curse)
rCorr   .          Clarity  +    (gloves unavailable)
Will    +....                    (no boots)
Stlth   ++                       M - amulet "Gnostic Affliction" {RegenMP, Cun, Elem} (curse)
HPRegen 0.44/turn                x - ring of Ashenzari's Soothsayer {Wiz *Slow rF+++ Dex+5 Stlth+, Bglg, Elem} (curse)
MPRegen 0.66/turn                f - ring "Altruism of Ashenzari" {Int+6, Evo, Elem} (curse)

@: studying Ice Magic, very slow
A: claws 3, thin metallic scales 2, spiny 2, demonic magic 3
a: Renounce Religion, Curse Item, Shatter the Chains


You were on level 3 of the Shoals.
You worshipped Ashenzari.
Ashenzari was extremely pleased with you.
You visited 4 branches of the dungeon, and saw 25 of its levels.
You also visited: Ice Cave.

You collected 2096 gold pieces.
You spent 1809 gold pieces at shops.

Inventory:

Missiles
 c - a throwing net
 d - 160 stones
 F - 5 javelins
Armour
 a - the cursed +0 robe "Esoteric Vexation" (worn) {Self, Fort}

   It has a curse which improves the following skills: Introspection: Fighting
   and Spellcasting.
   Fortitude: Armour and Shields.
 g - a +1 helmet
 D - the +0 robe "Buuskudghut" {rC+}
   (You bought it in a shop on level 6 of the Dungeon)

   rC:        It protects you from cold.
 E - the cursed +0 helmet of the Tethered Pantheism (worn) {Alch, Range}
   (You bought it in a shop on level 6 of the Dungeon)

   It has a curse which improves the following skills: Alchemy: Poison Magic and
   Transmutations.
   Ranged Combat: Ranged Weapons and Throwing.
 L - a +0 cloak
 O - a +0 cloak
 P - the cursed +2 buckler of the Cursed Affliction (worn) {Fort, Melee}
   (You took it off a gnoll sergeant on level 11 of the Dungeon)

   It has a curse which improves the following skills: Fortitude: Armour and
   Shields.
   Melee Combat: Short Blades, Long Blades, Axes, Maces & Flails, Polearms,
   Staves and Unarmed Combat.
 T - the cursed scarf of Toth-Mos's Legacy (worn) {rC+ rF+, Elem, Self}
   (You found it in an ice cave)

   It has a curse which improves the following skills: Elements: Fire Magic, Ice
   Magic, Air Magic and Earth Magic.
   Introspection: Fighting and Spellcasting.
Magical Staves
 I - a cursed staff of earth (weapon) {Bglg, Self}
Jewellery
 f - the cursed ring "Altruism of Ashenzari" (right claw) {Int+6, Evo, Elem}
   (You bought it in a shop on level 2 of the Orcish Mines)

   [ring of intelligence]

   Int:       It affects your intelligence (+6).
   It has a curse which improves the following skills: Evocations: Evocations.
   Elements:  Fire Magic, Ice Magic, Air Magic and Earth Magic.
 i - a ring of magical power
 x - the cursed ring of Ashenzari's Soothsayer (left claw) {Wiz *Slow rF+++ Dex+5 Stlth+, Bglg, Elem}
   (You bought it in a shop on level 9 of the Dungeon)

   [ring of wizardry]

   It improves your spell success rate.
   Dex:       It affects your dexterity (+5).
   rF:        It renders you almost immune to fire.
   *Slow:     It may slow you when you take damage.
   Stlth:     It makes you more stealthy.
   It has a curse which improves the following skills: Beguiling: Conjurations,
   Hexes and Translocations.
   Elements:  Fire Magic, Ice Magic, Air Magic and Earth Magic.
 y - a ring of ice
 M - the cursed amulet "Gnostic Affliction" (around neck) {RegenMP, Cun, Elem}
   (You found it on level 9 of the Dungeon)

   [amulet of magic regeneration]

   It increases your rate of magic regeneration.
   It has a curse which improves the following skills: Cunning: Dodging and
   Stealth.
   Elements:  Fire Magic, Ice Magic, Air Magic and Earth Magic.
 S - a ring of protection from fire
 U - a ring of protection from cold
 Z - an amulet of magic regeneration
Wands
 u - a wand of polymorph (15)
 B - a wand of mindburst (5)
 G - a wand of roots (33)
 N - a wand of paralysis (5)
 Q - a wand of flame (15)
Scrolls
 b - 7 scrolls of vulnerability
 h - 3 scrolls of enchant armour
 j - 4 scrolls of immolation
 k - 19 scrolls of identify
 p - a scroll of fear
 r - 6 scrolls of magic mapping
 w - 3 scrolls of blinking
 A - 12 scrolls of teleportation
 K - 8 scrolls of amnesia
 R - a scroll of silence
 W - 5 scrolls of fog
 X - 3 scrolls of enchant weapon
Potions
 e - a potion of berserk rage
 l - 3 potions of mutation
 m - 3 potions of ambrosia
 n - 2 potions of attraction
 o - 2 potions of might
 q - 3 potions of invisibility
 s - 5 potions of brilliance
 t - 5 potions of lignification
 v - 14 potions of curing
 C - a potion of resistance
 H - 4 potions of cancellation
 V - 3 potions of flight
 Y - 4 potions of haste
Miscellaneous
 J - a box of beasts (inert)


   Skills:
 - Level 10.0(14.5) Fighting
 - Level 9.6(12.0) Staves
 - Level 9.5(11.8) Dodging
 - Level 1.7(3.4) Stealth
 - Level 1.6(3.9) Shields
 - Level 12.7(17.1) Spellcasting
 - Level 13.4(16.8) Conjurations
 - Level 6.3 Necromancy
 + Level 15.6(21.0) Earth Magic
 - Level 4.1(6.3) Evocations


You had 16 spell levels left.
You knew the following spells:

 Your Spells              Type           Power      Damage    Failure   Level
a - Necrotise             Necr           100%       1d9       1%          1
b - Vampiric Draining     Necr           59%        2d10      1%          3
c - Stone Arrow           Conj/Erth      100%       3d13      0%          3
d - Dispel Undead         Necr           59%        3d21      1%          4
e - Orb of Destruction    Conj           45%        9d12      1%          7
f - Lehudib's Crystal Sp  Conj/Erth      59%        10d14     2%          8
g - Shatter               Erth           61%        3d46*     16%         9

Your spell library contained the following spells:

 Spells                   Type           Power      Damage    Failure   Level
 Kiss of Death            Conj/Necr      100%       2d13      0%          1
 Summon Small Mammal      Summ           100%       N/A       1%          1
 Cigotuvi's Dreadful Rot  Necr/Pois/Air  80%        N/A       1%          2
 Lesser Beckoning         Tloc           56%        N/A       1%          2
 Poisonous Vapours        Pois/Air       58%        N/A       1%          2
 Scorch                   Fire           60%        2d8       1%          2
 Frozen Ramparts          Ice            60%        1d10      1%          3
 Inner Flame              Hex/Fire       29%        N/A       1%          3
 Kindle Blastsparks       Fire/Tloc/Air  60%        2d15      1%          3
 Mephitic Cloud           Conj/Pois/Air  57%        N/A       1%          3
 Ozocubu's Armour         Ice            30%        N/A       1%          3
 Animate Armour           Summ/Erth      100%       N/A       1%          4
 Animate Dead             Necr           59%        N/A       1%          4
 Leda's Liquefaction      Hex/Erth       47%        N/A       1%          4
 Agony                    Necr           59%        N/A       1%          5
 Freezing Cloud           Conj/Ice/Air   29%        6-21      1%          5
 Call Canine Familiar     Summ           25%        N/A       2%          3
 Confusing Touch          Hex            28%        N/A       2%          3
 Gell's Gravitas          Tloc           28%        N/A       2%          3
 Ignite Poison            Fire/Tmut/Pois 28%        N/A       2%          3
 Portal Projectile        Hex/Tloc       56%        N/A       2%          3
 Summon Guardian Golem    Hex/Summ       27%        N/A       2%          3
 Teleport Other           Tloc           28%        N/A       2%          3
 Tukima's Dance           Hex            28%        N/A       2%          3
 Ice Form                 Ice/Tmut       29%        N/A       7%          4
 Passage of Golubria      Tloc           28%        N/A       7%          4
 Summon Ice Beast         Ice/Summ       28%        N/A       8%          4
 Metabolic Englaciation   Hex/Ice        14%        N/A       17%         5
 Silence                  Hex/Air        14%        N/A       17%         5
 Yara's Violent Unravell  Hex/Tmut       14%        3d7       21%         5
 Spellforged Servitor     Conj/Summ      33%        N/A       22%         7
 Simulacrum               Ice/Necr       23%        N/A       28%         6
 Chain Lightning          Conj/Air       34%        3d45      100%        9
 Fire Storm               Conj/Fire      34%        8d9       100%        9


Dungeon Overview and Level Annotations

Branches:
Dungeon (15/15)            Temple (0/1) D:5            Lair (5/5) D:10
 Shoals (3/4) Lair:3        Snake (0/4) Lair:3        Slime (0/5) Lair:4
    Orc (2/2) D:12            Elf (0/3) Orc:2        Vaults (0/5) D:14
 Depths (0/4) D:15          IceCv (visited)

Altars:
Ashenzari
Cheibriados
Dithmenos
Fedhas
Hepliaklqana
Makhleb
Nemelex Xobeh
Okawaru
Ru
Sif Muna
Uskayaw
Xom
Yredelemnul
Jiyva
Lugonu

Shops:
D:6 [   D:9 =   D:10 *   D:11 :   Orc:2 [=[(*   Shoals:3 =

Annotations:
Lair:2 1 runed translucent door, Newt's ghost, journeyman KoHu
Shoals:3 3 runed translucent doors, Hoelubiu's ghost, adept AtFi
Orc:1 2 runed translucent doors, Xyomouge's ghost, journeyman MiFi


Innate Abilities, Weirdness & Mutations

You have claws for hands.
You are mostly covered in thin metallic scales. (AC +3)
You are mostly covered in sharp spines.
Spells you cast and wands you use may paralyse nearby enemies.


Message History

The water elemental is lightly damaged.
Malevolent energies surge around you.
The merfolk suddenly stops moving!
The water elemental is struck by your spines.
The water elemental hits you. The water elemental misses you.
You now have 14/39 mp.
Casting: Stone Arrow (safe; 0% risk of failure)
Confirm with . or Enter, or press ? or * to list all spells.
You feel a surge of power!
Really attack near your juvenile fireox beast?
The dungeon rumbles!
You destroy the water elemental! x2; You kill your juvenile fireox beast!
Your juvenile fireox beast's corpse disappears in a puff of smoke!
You destroy the water elemental!
You kill the merfolk!
You hear a splash.
Malevolent energies surge around you.
You hear an angry hiss.
You hear a screech!
You hear an angry hiss.
You hear a screech!
You hear a shout!
You hear a screech!
You now have 5/39 mp.
An alligator snapping turtle comes into view.
You regained 3 hp, and now have 100/147 hp.
You regained 5 mp, and now have 10/39 mp.
An alligator snapping turtle is nearby!
A water nymph comes into view.
The water nymph gestures at you while chanting.
The water swirls and strikes you!!
You take 27 damage, and have 74/147 hp.
The water nymph points at you and mumbles some strange words.
The water swirls and strikes you!
The water nymph points at you and mumbles some strange words.
The water swirls and strikes you!!
* * * LOW HITPOINT WARNING * * *
You take 33 damage, and have 42/147 hp.
MASSIVE DAMAGE!!
The water nymph points at you and mumbles some strange words.
The water swirls and strikes you!!!
* * * LOW HITPOINT WARNING * * *
You take 36 damage, and have 6/147 hp.
MASSIVE DAMAGE!!
The water nymph casts a spell at you. The water swirls and strikes you!
You die...

,** ~~~~~~~~~~~.....###+++###...
* #~~~~~~~~~~~.......#.......#...
,~~~≈≈~~~~~~.~.......#.......#...
~~~≈≈≈~~~.~~~~......#m##.##.#...
, ~~~~~~~~~~~~~......#c##.##.#...
~~~~~~~~~~.~≈~~~~....#m##.##.#...
≈≈~~~~~~~~≈~~~~~...#{.}HH.{#...
,,≈≈~~~~~~~~~~~~~~...#{.....{#...
.~~~~~~~~~~~~~@~...#########...
**.~~~~†≈≈≈≈~~.~~~...............
.~~~~~~≈≈≈~~~~~~.~~............
,~~~.~~~~≈≈≈~~~≈≈~~.##...........
~ ~~~~~~~≈≈≈~~~≈≈~~..............
~ ~~~≈≈≈≈≈≈≈~~~≈≈~~.....##.......
~~~~~≈≈≈≈≈m≈≈≈≈≈~~~~~~.<##.......
~~~≈≈≈≈≈≈≈≈≈≈≈≈~~~~~~~~.........
≈≈≈≈≈≈≈≈≈≈≈~~~~~~~~~~~..~~~.


You could see a satyr, 2 merfolk and a water nymph.

Vanquished Creatures
  Saint Roka (Orc:2)
  An orc warlord (Orc:2)
  A dire elephant (Lair:5)
  A quicksilver dragon zombie (D:15)
  2 merfolk impalers (Shoals:1)
  Erolcha (Orc:2)
  2 hydras
  A quicksilver dragon skeleton (D:15)
  5 ogre magi
  3 catoblepae
  An alligator snapping turtle (Shoals:2)
  4 centaur warriors
  4 merfolk aquamancers
  2 dancing weapons (D:14)
  8 death yaks (Lair:5)
  26 two-headed ogres
  3 tengu warriors
  A deep troll shaman (Lair:5)
  Urug (D:10)
  Amaemon (Lair:1)
  2 skeletal warriors (D:15)
  4 skysharks
  12 sea snakes
  A flayed ghost (D:15)
  A bog body (IceCv)
  A necromancer (IceCv)
  7 ugly things
  3 cyclopes
  A faun (Shoals:2)
  15 manticores
  2 orc sorcerers
  A sphinx skeleton (D:15)
  8 black mambas
  11 elephants
  A water nymph (Shoals:1)
  7 merfolk sirens
  An orange demon (Lair:1)
  2 ice statues (IceCv)
  8 cane toads
  An unseen horror (D:11)
  A gargoyle (D:12)
  Maggie (Lair:1)
  4 kobold demonologists
  8 rime drakes
  8 komodo dragons
  An unseen horror (shapeshifter) (D:13)
  A yaktaur (D:13)
  3 anaconda simulacra (IceCv)
  7 ice devils (IceCv)
  4 tengu conjurers
  3 meliai (D:14)
  4 polar bears
  8 trolls
  14 merfolk
  5 wind drakes
  A hornet (D:8)
  5 dream sheep (Lair:2)
  A blink frog (shapeshifter) (D:13)
  An ettin zombie (D:15)
  6 slime creatures (D:14)
  2 shadows (D:10)
  8 water elementals
  6 snapping turtles
  A wyvern (Lair:4)
  A dire elephant simulacrum (IceCv)
  A vampire (D:12)
  2 wraiths
  A human (shapeshifter) (D:15)
  68 yaks
  A steam dragon (D:7)
  Grum (D:8)
  7 vampire mosquitoes
  8 basilisks
  Menkaure (D:4)
  5 nagas (Lair:3)
  3 wargs
  2 harpy simulacra (IceCv)
  17 water moccasins
  Duvessa (D:7)
  An acid dragon (D:11)
  4 hydra simulacra (IceCv)
  20 orc warriors
  A sky beast (D:6)
  28 ogres
  8 black bears
  2 ice beasts (D:6)
  3 boggarts (D:14)
  12 centaurs
  22 wolves
  A phantom (D:5)
  A kobold brigand (D:7)
  15 bullfrogs
  6 scorpions
  A gnoll sergeant (D:11)
  Dowan (D:7)
  12 killer bees
  4 howler monkeys
  3 electric eels (D:14)
  6 jellies
  A gnoll bouda (D:4)
  2 hounds
  10 orc priests
  An iron imp (D:4)
  Crazy Yiuf (D:4)
  5 iguanas
  18 orc wizards
  2 hell rats (Lair:4)
  A spriggan simulacrum (IceCv)
  A troll simulacrum (IceCv)
  13 gnolls
  6 adders
  A shadow imp (D:7)
  A white imp (D:8)
  2 ufetubi
  A worm (D:5)
  3 dart slugs
  45 orcs
  9 bats
  8 endoplasms
  4 giant cockroaches (D:1)
  10 goblins
  2 hobgoblins
  A jackal (D:3)
  5 quokkas
  6 ball pythons
  3 frilled lizards
  13 kobolds
  2 rats (D:2)
  A butterfly (Lair:3)
709 creatures vanquished.

Vanquished Creatures (collateral kills)
  2 hydras (Lair:4)
  A necromancer (D:15)
  4 rime drakes (Lair:4)
  A centaur simulacrum (D:15)
  A wyvern (Lair:4)
  2 yaks (Lair:1)
  2 orc warriors (Orc:2)
  An ogre (D:15)
  An orc priest (Orc:2)
  An orc wizard (Orc:2)
  A hell rat (Lair:4)
  2 orcs (Orc:2)
  A goblin (D:3)
  A jackal (D:3)
  A kobold (D:3)
  A quokka (D:5)
23 creatures vanquished.

Vanquished Creatures (others)
  An ogre mage (D:15)
  28 fungi
  120 plants
  9 withered plants (D:15)
158 creatures vanquished.

Grand Total: 890 creatures vanquished

Notes
Turn   | Place    | Note
-------+----------+-------------------------------------------
     0 | D:1      | jasper the Demonspawn Necromancer began the quest for the
                  | Orb.
     0 | D:1      | Reached XP level 1. HP: 13/13 MP: 3/3
   445 | D:1      | Gained mutation: Spells you cast may paralyse adjacent
                  | enemies. [demonic ancestry]
   445 | D:1      | Reached XP level 2. HP: 19/19 MP: 1/5
   465 | D:1      | Reached skill level 5 in Necromancy
   867 | D:1      | Reached XP level 3. HP: 24/24 MP: 2/6
   871 | D:1      | Learned a level 3 spell: Vampiric Draining
  1619 | D:2      | Gained mutation: Spells you cast may paralyse nearby
                  | enemies. [demonic ancestry]
  1619 | D:2      | Reached XP level 4. HP: 30/30 MP: 5/7
  1814 | D:2      | Learned a level 3 spell: Stone Arrow
  2456 | D:3      | Found a faded altar of an unknown god.
  3083 | D:3      | Reached skill level 1 in Conjurations
  3083 | D:3      | Reached skill level 1 in Earth Magic
  3148 | D:3      | Found a sacrificial altar of Ru.
  3153 | D:3      | Found a burning altar of Makhleb.
  3153 | D:3      | Found a sparkling altar of Nemelex Xobeh.
  3160 | D:3      | Found a broken altar of Ashenzari.
  3174 | D:3      | Gained mutation: Spells you cast and wands you use may
                  | paralyse nearby enemies. [demonic ancestry]
  3174 | D:3      | Reached XP level 5. HP: 21/35 MP: 4/8
  3194 | D:3      | Became a worshipper of Ashenzari the Shackled
  3660 | D:4      | Reached skill level 2 in Earth Magic
  3742 | D:4      | Reached XP level 6. HP: 36/41 MP: 3/9
  3748 | D:4      | Reached skill level 3 in Earth Magic
  4058 | D:4      | Noticed Menkaure
  4063 | D:4      | Killed Menkaure
  4064 | D:4      | Reached skill level 4 in Earth Magic
  4064 | D:4      | Gained mutation: You are partially covered in thin metallic
                  | scales. (AC +2) [demonic ancestry]
  4064 | D:4      | Reached XP level 7. HP: 46/46 MP: 0/10
  4437 | D:4      | Found a snail-covered altar of Cheibriados.
  4541 | D:4      | Found a runed translucent door.
  4542 | D:4      | Noticed Crazy Yiuf
  4716 | D:4      | Reached skill level 5 in Conjurations
  4975 | D:4      | Killed Crazy Yiuf
  5010 | D:5      | Entered Level 5 of the Dungeon
  5032 | D:5      | Found a staircase to the Ecumenical Temple.
  5046 | D:5      | Reached * piety under Ashenzari
  5150 | D:5      | Reached skill level 5 in Earth Magic
  5238 | D:5      | Gained mutation: You are mostly covered in thin metallic
                  | scales. (AC +3) [demonic ancestry]
  5238 | D:5      | Reached XP level 8. HP: 48/53 MP: 1/12
  5443 | D:5      | Reached ** piety under Ashenzari
  5546 | D:5      | Reached skill level 1 in Fighting
  5666 | D:5      | Found a hide-covered altar of Uskayaw.
  5683 | D:5      | Found a basalt altar of Yredelemnul.
  6033 | D:5      | Found an iron altar of Okawaru.
  6572 | D:6      | Reached skill level 6 in Earth Magic
  7017 | D:6      | Found Pimarar's Antique Armour Emporium.
  7024 | D:6      | Bought a steaming robe for 114 gold pieces
  7024 | D:6      | Identified the +0 robe "Buuskudghut" {rC+} (You bought it
                  | in a shop on level 6 of the Dungeon)
  7024 | D:6      | Bought a helmet for 90 gold pieces
  7112 | D:6      | Identified a scroll of acquirement
  7469 | D:6      | Acquired an amulet of reflection
  7531 | D:7      | Gained mutation: You have sharp fingernails. [demonic
                  | ancestry]
  7531 | D:7      | Reached XP level 9. HP: 57/65 MP: 1/15
  7687 | D:7      | Reached skill level 7 in Earth Magic
  7864 | D:7      | Found a blossoming altar of Fedhas.
  7877 | D:7      | Noticed Duvessa
  7877 | D:7      | Noticed Dowan
  7892 | D:7      | Killed Duvessa
  7893 | D:7      | Killed Dowan
  8460 | D:8      | Gained mutation: You are partially covered in sharp spines.
                  | [demonic ancestry]
  8460 | D:8      | Reached XP level 10. HP: 74/74 MP: 5/18
  8572 | D:8      | Reached *** piety under Ashenzari
  8902 | D:8      | Reached skill level 8 in Earth Magic
  9238 | D:8      | Noticed Grum
  9243 | D:8      | Killed Grum
  9374 | D:8      | Noticed a two-headed ogre
  9378 | D:8      | Killed a two-headed ogre
  9379 | D:8      | Reached skill level 5 in Dodging
  9478 | D:8      | Reached **** piety under Ashenzari
  9763 | D:9      | Reached skill level 1 in Evocations
 10138 | D:9      | Found Juemnem's Jewellery Shop.
 10138 | D:9      | Noticed a manticore
 10158 | D:9      | Killed a manticore
 10219 | D:9      | Reached skill level 1 in Staves
 10405 | D:9      | Found a shimmering blue altar of Sif Muna.
 10515 | D:9      | Identified Esuocs's Writings on Ill Luck
 10538 | D:9      | Reached ***** piety under Ashenzari
 10565 | D:9      | Noticed a two-headed ogre
 10569 | D:9      | Killed a two-headed ogre
 10634 | D:9      | Found a shadowy altar of Dithmenos.
 11267 | D:10     | Entered Level 10 of the Dungeon
 11286 | D:10     | Found a hazy altar of Hepliaklqana.
 11291 | D:10     | Found Xeac's Overcharged Wands.
 11317 | D:10     | Reached XP level 11. HP: 62/86 MP: 14/22
 11329 | D:10     | Reached skill level 5 in Staves
 11502 | D:10     | Noticed Urug
 11520 | D:10     | Killed Urug
 11652 | D:10     | Found a staircase to the Lair.
 11759 | D:10     | Noticed a two-headed ogre
 11764 | D:10     | Killed a two-headed ogre
 12386 | D:11     | Found Ynolul's Book Shop.
 12668 | D:11     | Found the +6 lightning scales {swift, rElec}
 12853 | D:11     | Found a hazy altar of Hepliaklqana.
 13489 | D:12     | Reached skill level 1 in Shields
 13538 | D:12     | Reached skill level 5 in Fighting
 13538 | D:12     | Reached skill level 5 in Spellcasting
 13636 | D:12     | Found a staircase to the Orcish Mines.
 13661 | D:12     | Gained mutation: You have very sharp fingernails. [demonic
                  | ancestry]
 13661 | D:12     | Reached XP level 12. HP: 93/94 MP: 18/24
 13864 | D:12     | Reached skill level 9 in Earth Magic
 14127 | Lair:1   | Entered Level 1 of the Lair of Beasts
 14127 | Lair:1   | Noticed Maggie
 14127 | Lair:1   | Noticed Amaemon
 14130 | Lair:1   | Killed Maggie
 14135 | Lair:1   | Killed Amaemon
 14410 | Lair:1   | Found a frozen archway.
 14428 | IceCv    | Entered an ice cave
 14727 | IceCv    | Learned a level 4 spell: Dispel Undead
 15229 | IceCv    | Reached skill level 10 in Earth Magic
 16205 | Lair:2   | Gained mutation: You have claws for hands. [demonic
                  | ancestry]
 16205 | Lair:2   | Reached XP level 13. HP: 103/103 MP: 10/27
 16983 | Lair:2   | Found a runed translucent door.
 17173 | Lair:2   | Found a shimmering altar of Xom.
 17173 | Lair:2   | Noticed Newt's ghost (journeyman KoHu)
 17804 | Lair:3   | Reached skill level 11 in Earth Magic
 17960 | Lair:3   | Identified Cufet's Octavo of Lava
 18004 | Lair:3   | Found a staircase to the Shoals.
 18235 | Lair:3   | Found a staircase to the Snake Pit.
 18582 | Lair:4   | Found a viscous altar of Jiyva.
 18582 | Lair:4   | Found a staircase to the Slime Pits.
 19550 | Lair:4   | Learned a level 7 spell: Orb of Destruction
 19695 | Orc:1    | Entered Level 1 of the Orcish Mines
 19699 | Orc:1    | Reached skill level 10 in Conjurations
 19823 | Orc:1    | Found a large runed translucent door.
 19825 | Orc:1    | Found a large runed translucent door.
 19829 | Orc:1    | Noticed Xyomouge's ghost (journeyman MiFi)
 19997 | Orc:2    | Entered Level 2 of the Orcish Mines
 20002 | Orc:2    | Noticed Saint Roka
 20008 | Orc:2    | Reached XP level 14. HP: 80/113 MP: 15/29
 20014 | Orc:2    | Noticed Erolcha
 20017 | Orc:2    | Killed Saint Roka
 20499 | Orc:1    | Identified the cursed +0 cloak "Behold Eternity" {Fort,
                  | Bglg} (You took it off Crazy Yiuf on level 4 of the
                  | Dungeon)
 20499 | Orc:1    | Identified the cursed +0 helmet of the Tethered Pantheism
                  | {Alch, Range} (You bought it in a shop on level 6 of the
                  | Dungeon)
 20499 | Orc:1    | Identified the cursed +2 buckler of the Cursed Affliction
                  | {Fort, Melee} (You took it off a gnoll sergeant on level 11
                  | of the Dungeon)
 20499 | Orc:1    | Identified the cursed +0 robe "Esoteric Vexation" {Self,
                  | Fort}
 20499 | Orc:1    | Identified the cursed ring "At What Cost Knowledge?" {Fly,
                  | Alch, Bglg} (You found it on level 4 of the Dungeon)
 20499 | Orc:1    | Identified the cursed ring of the Ruined Cosmos {AC+4, Cun,
                  | Evo} (You found it on level 5 of the Dungeon)
 20509 | Orc:2    | Killed Erolcha
 21008 | Orc:2    | Found Zussouc's Antique Weapon Shoppe.
 21008 | Orc:2    | Found Fonic's Jewellery Shop.
 21008 | Orc:2    | Found Ximokhlut's General Store.
 21008 | Orc:2    | Found Vozu's Armour Shoppe.
 21088 | Orc:2    | Bought a potion of heal wounds for 65 gold pieces
 21315 | Orc:2    | Found a staircase to the Elven Halls.
 21457 | Orc:2    | Found Gigh's Antique Armour Shoppe.
 21818 | Orc:1    | Noticed an orc warlord
 21961 | Orc:2    | Killed an orc warlord
 22358 | D:9      | Bought the ring of Reimbursement {Wiz *Slow rF+++ Dex+5
                  | Stlth+} for 1036 gold pieces
 22495 | Lair:5   | Entered Level 5 of the Lair of Beasts
 23054 | Lair:5   | Reached skill level 10 in Spellcasting
 23579 | Lair:5   | Reached XP level 15. HP: 53/118 MP: 2/32
 24475 | Lair:5   | Identified the +7 arbalest "Dirul" {heavy, Fragile rF+ rC+
                  | rCorr}
 24477 | Lair:5   | Identified the +1 lajatang "Mif Otz" {flame, *Corrode rPois
                  | rC+ SInv}
 24989 | D:13     | Reached skill level 12 in Earth Magic
 24989 | D:13     | Reached XP level 16. HP: 126/126 MP: 35/35
 24990 | D:13     | Reached skill level 13 in Earth Magic
 24990 | D:13     | Reached XP level 17. HP: 132/132 MP: 36/36
 25000 | D:13     | Learned a level 8 spell: Lehudib's Crystal Spear
 25271 | D:13     | Found a corrupted altar of Lugonu.
 25291 | D:13     | Reached skill level 14 in Earth Magic
 26415 | D:14     | Found a gate to the Vaults.
 26817 | Orc:2    | Bought a +6 ring of intelligence for 504 gold pieces
 27726 | D:15     | Entered Level 15 of the Dungeon
 28108 | D:15     | Found a staircase to the Depths.
 29566 | Shoals:1 | Entered Level 1 of the Shoals
 30277 | Shoals:1 | Reached skill level 10 in Fighting
 30388 | Shoals:1 | Learned a level 9 spell: Shatter
 31410 | Shoals:2 | Gained mutation: You are mostly covered in sharp spines.
                  | [demonic ancestry]
 31410 | Shoals:2 | Reached XP level 18. HP: 147/147 MP: 23/39
 31442 | Shoals:2 | Reached skill level 15 in Earth Magic
 32121 | Shoals:3 | Noticed Hoelubiu's ghost (adept AtFi)
 32158 | Shoals:3 | Found Fyich's Jewellery Emporium.
 32359 | Shoals:3 | Found a runed translucent gate.
 32360 | Shoals:3 | Found a runed translucent gate.
 32361 | Shoals:3 | Found a runed translucent gate.
 32422 | Shoals:3 | HP: 6/147 [water nymph/the raging water (37)]
 32423 | Shoals:3 | Killed from afar by a water nymph

Illustrated notes

Levels and vault maps discovered:
D:1:      reono_arrival_forest_river, layout_rooms, st_stairs_11,
          corexii_hall_statues_l, minmay_split_cup_large
D:2:      layout_basic, grunt_decor_mini_mirrors, nicolae_grassy_gnolls
D:3:      layout_basic, mainiacjoe_overflow_chevrons,
          chequers_temple_overflow_statue_of_worship,
          ebering_ecumenical_altar_hall
D:4:      layout_basic, slow_altar_2, uniq_crazy_yiuf_cottage, uniq_menkaure
D:5:      layout_basic, mainiacjoe_overflow_small_starburst,
          lemuel_doored_altar, nicolae_uskayaw_dance_hall,
          minmay_temple_entry_arrows
D:6:      layout_basic, serial_shops, nicolae_shop_waterfront, roderic_lattice_a
D:7:      layout_rooms, fedhas_altar_1, ebering_ghost_rock_garden,
          minmay_fractal_squares_gapless_5, uniq_duvessa
D:8:      layout_basic, uniq_grum
D:9:      layout_stronghold, lemuel_round_altar, mainiacjoe_overflow_alcove_4,
          serial_shops, shop, nicolae_figureground_pulse
D:10:     layout_basic, kennysheep_mini, due_lair_maze_entry_diamond,
          nicolae_shop_overcharged_wands, uniq_urug
D:11:     layout_stronghold, serial_shops, shop, serial_column_ruins,
          column_ruins_pillar_3, column_ruins_pillar_6, column_ruins_pillar_6,
          column_ruins_pillar_1, column_ruins_pillar_9, column_ruins_pillar_4,
          column_ruins_pillar_2, column_ruins_pillar_1, column_ruins_pillar_6,
          column_ruins_pillar_10, column_ruins_pillar_10, column_ruins_pillar_1,
          column_ruins_pillar_2, column_ruins_pillar_5,
          nicolae_hepliaklqana_hazy_memory
D:12:     layout_rooms, orc_0_dummy
D:13:     kennysheep_kobold_lugonu_temple, layout_stronghold
D:14:     layout_basic, erik_vaults_1, serial_bayou_pond_e, grunt_ogre_cave
D:15:     gammafunk_depths_entry_grave, layout_loops_corners,
          nicolae_tso_carved_into_rock
Lair:1:   layout_cave_shapes, portal_ice_cave_rime, uniq_maggie, uniq_amaemon
Lair:2:   hellmonk_destroyed_diamonds, layout_cave_pods, ebering_ghost_xom,
          grunt_megastairs_2
Lair:3:   layout_misc_corridors, minmay_shoals_entry_lonely_mermaid,
          minmay_snake_entry_guardpost_medium, beast_lair_carwin_7,
          lemuel_fruit_fields
Lair:4:   layout_loops_ring, nicolae_slime_entry_slimehenge, special_room
          [special_room_mythical_zoo], st_stairs_10, serial_bayou_lagoon_a
Lair:5:   grunt_lair_end_beastmaster, layout_layer_cave
Shoals:1: layout_shoals
Shoals:2: cheibrodos_shoals_three_sisters, layout_shoals
Shoals:3: layout_shoals, serial_shops, nicolae_lakefront_shop,
          nicolae_shop_waterfront, gammafunk_ghost_split, kb_tengu_band
Orc:1:    layout_caves, ebering_ghost_disaster_area
Orc:2:    st_orc_ogre_mass, layout_caves, serial_shops,
          nicolae_shop_behind_doors, uniq_erolcha, uniq_saint_roka

Skill      XL: |  1  2  3  4  5  6  7  8  9 10 11 12 13 14 15 16 17 18 |
---------------+-------------------------------------------------------+-----
Necromancy     | 5 6 |  6.3
Conjurations   | 1 3 4 5 6 7 8 10 13 | 13.4
Earth Magic    | 1 2 4 5 6 7 8 10 11 12 13 14 15 | 15.6
Dodging        | 3 4 5 6 7 9 |  9.5
Fighting       | 2 4 5 6 8 10 | 10.0
Spellcasting   | 3 4 5 6 7 10 11 12 | 12.7
Evocations     | 4 |  4.1
Staves         | 4 9 |  9.6
Shields        | 1 |  1.6
Stealth        | |  1.7

Action                     |  1- 3 |  4- 6 |  7- 9 | 10-12 | 13-15 | 16-18 || total
---------------------------+-------+-------+-------+-------+-------+-------++-------
  Melee: Whip              |     3 |       |       |       |       |       ||     3
         Dagger            |    14 |    42 |    52 |       |       |       ||   108
         Punch             |       |     1 |     1 |     2 |       |       ||     4
         Staff             |       |       |       |   124 |    71 |    87 ||   282
  Throw: Stone             |     1 |       |       |       |       |       ||     1
   Cast: Necrotise         |    46 |    84 |    16 |       |       |       ||   146
         Vampiric Draining |       |     5 |     5 |    18 |    28 |     6 ||    62
         Stone Arrow       |       |     2 |    85 |   297 |   512 |   247 ||  1143
         Orb of Destructio |       |       |       |       |    27 |     4 ||    31
         Lehudib's Crystal |       |       |       |       |       |    82 ||    82
         Shatter           |       |       |       |       |       |     2 ||     2
 Invoke: Curse Item        |       |       |     4 |     6 |     1 |     2 ||    13
         Shatter the Chain |       |       |       |     1 |     2 |     1 ||     4
  Evoke: Wand              |       |       |     6 |     5 |    14 |    12 ||    37
         Box of beasts     |       |       |       |     1 |     2 |     2 ||     5
    Use: Scroll            |       |     6 |     1 |       |     4 |     1 ||    12
         Potion            |       |     2 |     2 |     2 |     4 |     1 ||    11
   Stab: Paralysed         |     8 |    18 |    16 |    30 |     5 |     8 ||    85
         Sleeping          |       |     1 |     1 |       |       |       ||     2
 Armour: Robe              |     5 |    15 |    17 |    42 |    37 |    21 ||   137
  Dodge: Dodged            |    29 |    26 |    55 |   102 |   136 |    97 ||   445
  Block: Other             |       |       |     5 |     2 |       |       ||     7
         Buckler           |       |       |       |    25 |    67 |    39 ||   131

Table legend: (Time is in decaauts)
 A = Elapsed time spent in this place.
 B = Non-inter-level travel time spent in this place.
 C = Inter-level travel time spent in this place.
 D = Time resting spent in this place.
 E = Time spent auto-exploring this place.
 F = Levels seen in this place.
 G = Mean time per level.
                   A        B        C        D        E       F      G
               +--------+--------+--------+--------+--------+-----+--------+
         Total |  32576 |  30888 |   1688 |   3052 |  23433 |  26 | 1252.9 |
       Dungeon |  18856 |  17926 |    930 |    826 |  14931 |  15 | 1257.1 |
          Lair |   7130 |   6675 |    455 |    584 |   5033 |   5 | 1426.0 |
        Shoals |   2997 |   2896 |    101 |    368 |   1977 |   3 |  999.0 |
  Orcish Mines |   2599 |   2398 |    201 |    862 |   1070 |   2 | 1299.5 |
      Ice Cave |    993 |    993 |      0 |    412 |    421 |   1 |  993.0 |
               +--------+--------+--------+--------+--------+-----+--------+

Top non-repeatable levels by time:
  Lair:5: 1878 daAuts
    D:15: 1661 daAuts
  Lair:4: 1574 daAuts
     D:9: 1569 daAuts
    D:14: 1561 daAuts
     D:6: 1475 daAuts
Shoals:1: 1437 daAuts
     D:4: 1437 daAuts
   Orc:2: 1417 daAuts
     D:8: 1408 daAuts
  Lair:2: 1344 daAuts
    D:11: 1310 daAuts
     D:2: 1287 daAuts
  Lair:1: 1269 daAuts
Shoals:2: 1243 daAuts
